 Dungeon Crawl Stone Soup version 0.31-a0-66-ge618eeaa78 (webtiles) character file.

Game seed: 10296785847490123257

39 loir the Magician (level 3, -2/25 HPs)
             Began as a Djinni Hedge Wizard on May 22, 2023.
             Slain by a gnoll
             ... wielding a +0 spear
              (7 damage)
             ... on level 2 of the Dungeon.
             The game lasted 00:03:37 (1156 turns).

loir the Magician (Djinni Hedge Wizard)             Turns: 1156, Time: 00:03:37

Health: -2/25      AC:  2    Str:  9    XL:     3   Next: 67%
Gold:   66         EV: 12    Int: 17    God:
                   SH:  0    Dex: 12

rFire   + + .        a - +0 dagger
rCold   x . .        (no shield)
rNeg    . . .        b - +0 robe
rPois   ∞            c - +0 hat
rElec   .            (no cloak)
rCorr   .            (no gloves)
SInv    .            (boots unavailable)
Will    .....        (no amulet)
Stlth   ++           (no ring)
HPRegen 0.24/turn    (no ring)
MPRegen 0.00/turn

%: infuse magic (-3 HP)
@: flying
A: sickness immunity, fire resistance 2, cold vulnerability 1, float, innate
caster, HP casting, extra vitality 1
a: no special abilities


You were on level 2 of the Dungeon.
You visited 1 branch of the dungeon, and saw 2 of its levels.

You collected 66 gold pieces.

Inventory:

Hand Weapons
 a - a +0 dagger (weapon)
Armour
 b - a +0 robe (worn)
 c - a +0 hat (worn)
Scrolls
 d - a scroll of teleportation {unknown}
Potions
 e - a potion of degeneration {unknown}


   Skills:
 + Level 3.0 Dodging
 + Level 2.3 Stealth
 + Level 3.1 Spellcasting
 + Level 3.1 Conjurations
 + Level 3.1 Hexes
 + Level 3.1 Summonings
 + Level 3.1 Necromancy
 + Level 3.1 Translocations
 + Level 3.1 Transmutations
 + Level 3.1 Fire Magic
 + Level 3.1 Ice Magic
 + Level 3.1 Air Magic
 + Level 3.1 Earth Magic
 + Level 3.1 Poison Magic


You knew the following spells:

 Your Spells              Type           Power      Damage    Failure   Level
a - Magic Dart            Conj           52%        1d5       4%          1
b - Slow                  Hex            52%        N/A       4%          1
c - Blink                 Tloc           26%        N/A       7%          2
d - Call Imp              Summ           26%        N/A       7%          2
e - Mephitic Cloud        Conj/Pois/Air  11%        N/A       17%         3
f - Apportation           Tloc           26%        N/A       4%          1
Your spell library was empty.

Dungeon Overview and Level Annotations

Branches:
Dungeon (2/15)

Altars:


Innate Abilities, Weirdness & Mutations

You are immune to sickness and miasma.
You are immune to poison.
Your flesh is very heat resistant. (rF++)
You are vulnerable to cold. (rC-)
You float through the air rather than walking.
You learn spells naturally, not from books.
Your magical power is your life essence.
You have superior vitality. (+4 MHP)


Message History

The gnoll is moderately wounded.
The gnoll attacks as you move away! The gnoll closely misses you.
The gnoll misses you. The gnoll attacks as you move away!
The gnoll hits you with a +0 flail!
Aiming: Magic Dart (safe; 4% risk of failure)
Press: ? - help, Q - select action, (/) - cycle Shift-Dir - straight line, f - gnoll
Aim: a gnoll, wielding a +0 flail (moderately wounded, 100% to hit)
The magic dart hits the gnoll.
The gnoll is severely wounded.
The gnoll barely misses you.
Aiming: Magic Dart (safe; 4% risk of failure)
Press: ? - help, Q - select action, (/) - cycle Shift-Dir - straight line, f/p - gnoll
Aim: a gnoll, wielding a +0 flail (severely wounded, 100% to hit)
The magic dart hits the gnoll.
The gnoll is severely wounded.
The gnoll closely misses you.
The gnoll hits you from afar with a +0 spear.
* * * LOW HITPOINT WARNING * * *
Aiming: Magic Dart (safe; 4% risk of failure)
Press: ? - help, Q - select action, (/) - cycle Shift-Dir - straight line, f/p - gnoll
Aim: a gnoll, wielding a +0 flail (severely wounded, 100% to hit)
The magic dart hits the gnoll.
You kill the gnoll!
* * * LOW HITPOINT WARNING * * *
Your Dodging skill increases to level 3!
Aiming: Magic Dart (safe; 4% risk of failure)
Press: ? - help, Q - select action, (/) - cycle Shift-Dir - straight line, f - gnoll
Aim: a gnoll, wielding a +0 spear (slow, 100% to hit)
The magic dart hits the gnoll.
The gnoll is moderately wounded.
* * * LOW HITPOINT WARNING * * *
The gnoll is no longer moving slowly.
Aiming: Magic Dart (safe; 4% risk of failure)
Press: ? - help, Q - select action, (/) - cycle Shift-Dir - straight line, f/p - gnoll
Aim: a gnoll, wielding a +0 spear (moderately wounded, 100% to hit)
The magic dart hits the gnoll.
The gnoll is moderately wounded.
* * * LOW HITPOINT WARNING * * *
The gnoll hits you from afar with a +0 spear!
You die...

########.........#
#########.# #.#
#.# * #.# ** #.#
,** #.# ,,* #.#
*,* #####@#
*,****** #.)g..#
,,,*,*,* #.#####
,*,,*,** #.#
***,,*,* #.#
*,**,,*****#)#
,,,**,,#.....#
,,,,**,#####.#
,,,**,,* #.#


You could see a gnoll.

Vanquished Creatures
  2 gnolls (D:2)
  A worm (D:2)
  4 endoplasms
  2 goblins (D:1)
  6 bats (D:1)
  A frilled lizard (D:2)
  A rat (D:2)
17 creatures vanquished.

Notes
Turn   | Place    | Note
-------+----------+-------------------------------------------
     0 | D:1      | loir the Djinni Hedge Wizard began the quest for the Orb.
     0 | D:1      | loir set off with the following spells memorised: Magic
                  | Dart, Slow, Blink, Call Imp, Mephitic Cloud.
     0 | D:1      | Reached XP level 1. HP: 15/15 MP: 0/0
   162 | D:1      | You are sucked into a shaft and drop 1 floor!
   173 | D:2      | Reached XP level 2. HP: 16/21 MP: 0/0
  1143 | D:2      | Reached XP level 3. HP: 19/25 MP: 0/0
  1143 | D:2      | Learned a level 1 spell: Apportation
  1156 | D:2      | Slain by a gnoll

Illustrated notes

Levels and vault maps discovered:
D:1:      dpeg_arrival_radiant, layout_basic
D:2:      minmay_diamond_boxcup, layout_loops_ring, uniq_robin, uniq_sigmund,
          uniq_jessica

Skill      XL: |  1  2  3 |
---------------+----------+-----
Spellcasting   | 3 |  3.1
Conjurations   | 3 |  3.1
Hexes          | 3 |  3.1
Summonings     | 3 |  3.1
Necromancy     | 3 |  3.1
Translocations | 3 |  3.1
Transmutations | 3 |  3.1
Fire Magic     | 3 |  3.1
Ice Magic      | 3 |  3.1
Air Magic      | 3 |  3.1
Earth Magic    | 3 |  3.1
Poison Magic   | 3 |  3.1
Stealth        | 2 |  2.3
Dodging        | 3 |  3.0

Action                     || total
---------------------------++-------
   Cast: Magic Dart        ||    57
         Slow              ||     2
    Use: Scroll            ||     2
 Armour: Robe              ||     1
  Dodge: Dodged            ||     7

Table legend: (Time is in decaauts)
 A = Elapsed time spent in this place.
 B = Non-inter-level travel time spent in this place.
 C = Inter-level travel time spent in this place.
 D = Time resting spent in this place.
 E = Time spent auto-exploring this place.
 F = Levels seen in this place.
 G = Mean time per level.
                   A        B        C        D        E       F      G
               +--------+--------+--------+--------+--------+-----+--------+
         Total |   1155 |   1100 |     55 |     66 |    925 |   2 |  577.5 |
       Dungeon |   1155 |   1100 |     55 |     66 |    925 |   2 |  577.5 |
               +--------+--------+--------+--------+--------+-----+--------+

Top non-repeatable levels by time:
     D:1: 956 daAuts
     D:2: 198 daAuts
